 Dungeon Crawl Stone Soup version 0.29.1-12-g30fa7ad0bf (webtiles) character file.

Game seed: 10034960835021683876

14289 Labrat the Destroyer (level 11, -6/86 HPs)
             Began as a Demigod Conjurer on Dec 22, 2022.
             Mangled by a wolf (9 damage)
             ... in an ice cave.
             The game lasted 00:50:05 (17085 turns).

Labrat the Destroyer (Demigod Conjurer)            Turns: 17085, Time: 00:50:06

Health: -6/86      AC:  9    Str:  8    XL:     11   Next: 56%
Magic:  3/30       EV: 12    Int: 32    God:
Gold:   732        SH:  4    Dex: 12    Spells: 19/31 levels left

rFire   . . .      SeeInvis .   S - +4 morningstar (spect)
rCold   + . .      Faith    .   h - +0 buckler
rNeg    . . .      Spirit   .   N - +2 robe {rC+}
rPois   .          Reflect  .   j - +0 helmet
rElec   .          Harm     .   s - +0 cloak
rCorr   .          Rampage  .   (no gloves)
Will    +....                   Q - +2 pair of boots {Stlth+}
Stlth   +++.......              (no amulet)
HPRegen 0.24/turn               f - ring of flight
MPRegen 0.22/turn               (no ring)

@: flying
A: high MP 1, forlorn, divine attributes
a: no special abilities


You were in an ice cave.
You visited 2 branches of the dungeon, and saw 12 of its levels.
You also visited: Sewer, Ossuary, Bailey and Ice Cave.

You collected 732 gold pieces.

Inventory:

Hand Weapons
 S - a +4 spectral morningstar (weapon)
Missiles
 a - 4 curare-tipped darts
 o - 3 throwing nets
 u - 84 poisoned darts
Armour
 h - a +0 buckler (worn)
 j - a +0 helmet (worn)
 s - a +0 cloak (worn)
 y - the +2 chain mail "Peisadghy" {rElec Will++}
   (You found it on level 4 of the Dungeon)

   rElec:     It insulates you from electricity.
   Will:      It greatly increases your willpower.
 N - a +2 robe of cold resistance (worn)
 P - the +2 pair of boots of Qudogrid {Will- Int+5 Dex+2}
   (You found it in a bailey)

   Int:       It affects your intelligence (+5).
   Dex:       It affects your dexterity (+2).
   Will:      It decreases your willpower.
 Q - a +2 pair of boots of stealth (worn)
Jewellery
 f - a ring of flight (left hand)
 U - a +4 ring of slaying
 V - the amulet of Elemental Vulnerability {rPois rF-- rC-- AC+8}
   (You found it on level 10 of the Dungeon)

   [amulet of nothing]

   AC:        It affects your AC (+8).
   rF:        It makes you very vulnerable to fire.
   rC:        It makes you very vulnerable to cold.
   rPois:     It protects you from poison.
Wands
 r - a wand of mindburst (21)
 w - a wand of roots (5)
 x - a wand of digging (6)
 O - a wand of flame (11)
 T - a wand of paralysis (3)
Scrolls
 e - 2 scrolls of amnesia
 g - 5 scrolls of teleportation
 i - a scroll of fog
 m - 5 scrolls of immolation
 p - a scroll of acquirement
 q - 9 scrolls of enchant armour
 v - 2 scrolls of silence
 C - 2 scrolls of enchant weapon
 F - 2 scrolls of summoning
 H - a scroll of torment
 I - a scroll of brand weapon
 M - a scroll of fear {unknown}
 R - 2 scrolls of identify
 W - a scroll of blinking {unknown}
Potions
 b - 3 potions of magic
 c - 2 potions of haste {unknown}
 d - 6 potions of curing {unknown}
 k - 2 potions of cancellation {unknown}
 l - 6 potions of might
 n - 4 potions of flight {unknown}
 t - a potion of heal wounds
 z - 2 potions of resistance {unknown}
 B - 3 potions of brilliance {unknown}
 D - a potion of invisibility {unknown}
 E - 6 potions of mutation
 G - a potion of lignification {unknown}
 J - 2 potions of ambrosia {unknown}
 K - 2 potions of attraction {unknown}
 L - a potion of berserk rage {unknown}


   Skills:
 - Level 5.0 Fighting
 - Level 3.0 Dodging
 - Level 1.7 Stealth
 - Level 3.0 Shields
 + Level 10.5 Spellcasting
 + Level 10.9 Conjurations
 - Level 3.0 Translocations
 + Level 2.1 Earth Magic
 - Level 5.0 Evocations


You had 19 spell levels left.
You knew the following spells:

 Your Spells              Type           Power      Damage    Failure   Level
a - Magic Dart            Conj           100%       1d8       1%          1
b - Searing Ray           Conj           100%       2d8       1%          2
c - Iskenderun's Mystic   Conj/Tloc      57%        2d12      2%          4
d - Lee's Rapid Deconstr  Erth           15%        3d11*     41%         5

Your spell library contained the following spells:

 Spells                   Type           Power      Damage    Failure   Level
 Dazzling Flash           Conj/Hex       100%       N/A       1%          3
 Fulminant Prism          Conj/Hex       25%        3d14      4%          4
 Sublimation of Blood     Necr           16%        N/A       6%          2
 Wereblood                Tmut           16%        N/A       6%          2
 Ozocubu's Armour         Ice            16%        N/A       12%         3
 Leda's Liquefaction      Hex/Erth       11%        N/A       24%         4
 Petrify                  Tmut/Erth      23%        N/A       24%         4
 Metabolic Englaciation   Hex/Ice        8%         N/A       71%         5
 Statue Form              Tmut/Erth      15%        N/A       98%         6
 Ozocubu's Refrigeration  Ice            8%         4d9       100%        7
 Summon Hydra             Summ           8%         N/A       100%        7


Dungeon Overview and Level Annotations

Branches:
Dungeon (11/15)            Temple (1/1) D:5            Lair (0/5) D:10
    Orc (0/2) D:10          Sewer (visited)         Ossuary (visited)
 Bailey (visited)           IceCv (1/1)

Shops:
D:9 [

Annotations:
D:9 1 runed translucent door


Innate Abilities, Weirdness & Mutations

You have an increased reservoir of magic. (+10% MP)
You shall have no god before yourself.
Your divine heritage dramatically boosts your attributes as you level up.


Message History

The polar bear is almost dead.
The wolf closely misses you. The polar bear bites you!
The polar bear misses you. The polar bear closely misses you.
The wolf bites you. The polar bear bites you.
The polar bear closely misses you.
The polar bear claws you but does no damage.
The wolf bites you.
You closely miss the polar bear.
The polar bear is almost dead.
The polar bear bites you!
* * * LOW HITPOINT WARNING * * *
The polar bear closely misses you. The polar bear barely misses you.
The wolf closely misses you. The polar bear bites you!
* * * LOW HITPOINT WARNING * * *
The polar bear misses you. You block the polar bear's attack.
The wolf bites you.
* * * LOW HITPOINT WARNING * * *
The polar bear bites you.
* * * LOW HITPOINT WARNING * * *
The polar bear claws you but does no damage.
The polar bear misses you.
You feel much better. The wolf closely misses you. You block the wolf's attack.
The polar bear barely misses you.
The polar bear claws you but does no damage. x2
You barely miss the polar bear.
The polar bear is almost dead.
The wolf bites you but does no damage. The polar bear barely misses you.
The polar bear claws you but does no damage. x2
The wolf bites you but does no damage. The polar bear bites you!!
* * * LOW HITPOINT WARNING * * *
The polar bear claws you but does no damage.
The polar bear claws you.
* * * LOW HITPOINT WARNING * * *
The wolf bites you but does no damage.
You feel much better. The polar bear bites you!!
* * * LOW HITPOINT WARNING * * *
The polar bear misses you.
The polar bear claws you but does no damage.
The wolf bites you!
You die...

#### #### ##..##
##..#####....##
#....##....††.#
.kh...#.†.....∩.∩.#
..... ##hh........#
h..# ##@.##....##
.Y ######..## .
####


You could see a polar bear (berserk) and a wolf.

Vanquished Creatures
  3 two-headed ogres
  A death yak (D:10)
  A deep elf pyromancer (Bailey)
  An orc knight (Bailey)
  2 unseen horrors
  A rime drake (IceCv)
  A kobold demonologist (D:10)
  2 polar bears (IceCv)
  A shadow (D:8)
  3 wyverns
  12 yaks
  A human (D:9)
  4 hogs (D:9)
  A steam dragon (D:8)
  A warg (D:10)
  An acid dragon (D:9)
  6 orc warriors
  2 sky beasts
  2 black bears (D:10)
  3 ogres
  A wolf (IceCv)
  4 centaurs
  A phantom (D:6)
  16 kobold brigands
  6 bullfrogs
  A necrophage (D:5)
  2 gnoll sergeants (D:9)
  5 scorpions
  17 wights
  An electric eel (D:10)
  A howler monkey (D:8)
  2 centaur zombies (Ossuary)
  9 orc priests
  A human zombie (Ossuary)
  2 jellies
  5 hounds
  Crazy Yiuf (D:7)
  2 gnoll boudas
  Ijyb (D:4)
  Terence (D:2)
  Natasha (thrice) (D:3)
  2 iguanas
  8 orc wizards
  6 mummies (Ossuary)
  21 gnolls
  8 river rats
  5 adders
  A shadow imp (D:6)
  14 white imps
  A worm (D:4)
  2 dart slugs (D:2)
  40 orcs
  4 bats
  6 endoplasms
  3 giant cockroaches
  A gnoll zombie (Ossuary)
  12 hobgoblins
  7 jackals
  37 kobolds
  7 quokkas
  11 ball pythons
  6 frilled lizards
  4 goblins
  2 goblin zombies (Ossuary)
  A hobgoblin zombie (Ossuary)
  A kobold zombie (Ossuary)
  22 rats
363 creatures vanquished.

Vanquished Creatures (others)
  2 plants (D:10)
2 creatures vanquished.

Grand Total: 365 creatures vanquished

Notes
Turn   | Place    | Note
-------+----------+-------------------------------------------
     0 | D:1      | Labrat the Demigod Conjurer began the quest for the Orb.
     0 | D:1      | Reached XP level 1. HP: 14/14 MP: 5/5
   274 | D:1      | Reached XP level 2. HP: 20/20 MP: 3/7
   956 | D:1      | Learned a level 2 spell: Searing Ray
  1571 | D:2      | Reached XP level 3. HP: 26/26 MP: 4/9
  1574 | D:2      | Noticed Terence
  2390 | D:3      | Noticed Natasha
  2395 | D:3      | Killed Natasha
  2433 | D:3      | Noticed Natasha
  2488 | D:2      | Killed Terence
  2489 | D:2      | Reached XP level 4. HP: 24/33 MP: 0/11
  2855 | D:3      | Killed Natasha
  2922 | D:3      | Noticed Natasha
  3036 | D:3      | Killed Natasha
  3148 | D:3      | Reached skill level 5 in Conjurations
  3148 | D:3      | Reached XP level 5. HP: 38/38 MP: 0/13
  3540 | D:4      | Noticed an ogre
  3920 | D:4      | Killed an ogre
  3921 | D:4      | Reached XP level 6. HP: 45/45 MP: 0/15
  4048 | D:4      | Learned a level 4 spell: Iskenderun's Mystic Blast
  4199 | D:4      | Identified the +2 chain mail "Peisadghy" {rElec Will++}
  4424 | D:4      | Noticed Ijyb
  4439 | D:4      | Killed Ijyb
  4826 | D:5      | Entered Level 5 of the Dungeon
  4908 | D:5      | Found a sand-covered staircase.
  4916 | Ossuary  | Entered an ossuary
  4946 | Ossuary  | Reached skill level 1 in Translocations
  5087 | Ossuary  | Reached XP level 7. HP: 44/50 MP: 1/17
  5269 | D:5      | Found a staircase to the Ecumenical Temple.
  5313 | D:5      | Reached skill level 5 in Spellcasting
  5324 | D:5      | Found a glowing drain.
  5339 | Sewer    | Entered a sewer
  6562 | D:5      | Reached XP level 8. HP: 57/57 MP: 15/20
  6932 | D:5      | Identified a scroll of acquirement
  7179 | Temple   | Entered the Ecumenical Temple
  8827 | D:7      | Reached XP level 9. HP: 25/62 MP: 14/24
  9284 | D:7      | Reached skill level 1 in Fighting
  9487 | D:7      | Reached skill level 1 in Shields
  9487 | D:7      | Reached skill level 1 in Evocations
 10021 | D:7      | Found a runed translucent door.
 10022 | D:7      | Noticed Crazy Yiuf
 10637 | D:7      | Killed Crazy Yiuf
 12084 | D:9      | Found Nuanaw's Armour Boutique.
 12173 | D:9      | Found a flagged portal.
 12232 | Bailey   | Entered a bailey
 12402 | Bailey   | Reached XP level 10. HP: 44/79 MP: 15/26
 12500 | Bailey   | Noticed an orc knight
 12513 | Bailey   | HP: 2/80 [orc warrior/+0 glaive (5)]
 12548 | Bailey   | Killed an orc knight
 12549 | Bailey   | Reached skill level 5 in Fighting
 12549 | Bailey   | Reached skill level 5 in Evocations
 12777 | Bailey   | Found a large runed translucent door.
 12777 | Bailey   | Found a large runed translucent door.
 12778 | Bailey   | Noticed a deep elf pyromancer
 12866 | Bailey   | Killed a deep elf pyromancer
 12882 | Bailey   | Identified the +2 pair of boots of Qudogrid {Will- Int+5
                  | Dex+2}
 14121 | D:9      | Noticed a two-headed ogre
 14220 | D:9      | Killed a two-headed ogre
 14412 | D:9      | Found a runed translucent door.
 14848 | D:9      | Noticed an orc knight
 14965 | D:10     | Entered Level 10 of the Dungeon
 14983 | D:10     | Noticed a two-headed ogre
 15000 | D:10     | Killed a two-headed ogre
 15001 | D:10     | Reached XP level 11. HP: 70/86 MP: 14/28
 15254 | D:10     | Noticed a death yak
 15343 | D:10     | Killed a death yak
 15344 | D:10     | Reached skill level 10 in Conjurations
 15499 | D:10     | Found a staircase to the Lair.
 15515 | D:10     | Reached skill level 10 in Spellcasting
 15928 | D:10     | Found the amulet of Elemental Vulnerability {rPois rF--
                  | rC-- AC+8}
 16083 | D:10     | Noticed a two-headed ogre
 16092 | D:10     | Killed a two-headed ogre
 16515 | D:10     | Found a staircase to the Orcish Mines.
 16725 | D:10     | Learned a level 5 spell: Lee's Rapid Deconstruction
 16830 | D:11     | Found a frozen archway.
 16873 | IceCv    | Entered an ice cave
 16885 | IceCv    | Reached skill level 1 in Earth Magic
 17085 | IceCv    | HP: 3/86 [polar bear (23)]
 17085 | IceCv    | Mangled by a wolf

Illustrated notes

Levels and vault maps discovered:
D:1:      nagdon_arrival_zigzag_paths, layout_loops_ring, kennysheep_flooded_box
D:2:      layout_basic, uniq_terence
D:3:      layout_basic, uniq_natasha
D:4:      layout_loops_ring, pdpol_wu_jian_five_deadly_venoms, uniq_ijyb
D:5:      layout_loops_ring, evilmike_ruin_ashenzari, minmay_temple_entry_hall,
          chequers_ossuary_entry_cave, portal_sewer_entry_b
D:6:      layout_loops_cross
D:7:      layout_basic, grunt_temple_overflow_cloverleaf,
          uniq_crazy_yiuf_cottage
D:8:      layout_basic, roderic_filled_cross, minmay_misc_feat_enclosed,
          hangedman_abyss_or_decor_stagger
D:9:      layout_loops_ring, serial_shops, nicolae_stop_n_shop_1,
          enter_bailey_4, grunt_livestock, lightli_church_of_beogh
D:10:     layout_rooms, david_lair_generic, david_orc_3, special_room
          [special_room_kobold], minivault_14, corexii_checkpoint_b,
          hangedman_abyss_or_decor_lesser_grid, minmay_misc_feat_five,
          chequers_serial_rivers_micro_d
D:11:     layout_irregular_city, portal_ice_cave_entry_imps, uniq_lodul
Temple:   eino_temple_scatter_basement
IceCv:    ice_cave_small_giant

Skill      XL: |  1  2  3  4  5  6  7  8  9 10 11 |
---------------+----------------------------------+-----
Spellcasting   | 2 3 4 5 7 8 9 10 | 10.5
Conjurations   | 4 5 6 8 9 10 | 10.9
Translocations | 1 3 |  3.0
Dodging        | 3 |  3.0
Fighting       | 4 5 |  5.0
Shields        | 3 |  3.0
Evocations     | 4 5 |  5.0
Earth Magic    | 2 |  2.1
Stealth        | |  1.7

Action                   |  1- 3 |  4- 6 |  7- 9 | 10-12 || total
-------------------------+-------+-------+-------+-------++-------
Melee: Unarmed           |     6 |       |       |       ||     6
       Rapier            |       |    20 |    36 |       ||    56
       Short sword       |       |       |    13 |    16 ||    29
       Morningstar       |       |       |       |    53 ||    53
Throw: Dart              |       |       |       |    27 ||    27
 Cast: Magic Dart        |    78 |    72 |   170 |    64 ||   384
       Searing Ray       |     3 |    24 |    88 |    57 ||   172
       Iskenderun's Myst |       |       |     7 |    34 ||    41
Evoke: Wand              |       |     2 |       |     4 ||     6
  Use: Scroll            |       |       |    13 |     3 ||    16
       Potion            |       |       |       |     4 ||     4
 Stab: Sleeping          |       |       |     2 |       ||     2
Armor: Robe              |     4 |    20 |    42 |    51 ||   117
Dodge: Dodged            |     2 |    20 |    55 |    89 ||   166
Block: Buckler           |       |     8 |    15 |    44 ||    67
